AoeStats
← KATOHHEI

Glade

510533952Analyzed
1v1 RM · 2d ago on Oct 1, 2026· 41m 36s· 2 players
Game mode
Random Map
Map size
Tiny (2 player)
Population
200
Speed
Normal
Resources
Standard
Victory
Conquest
Starting age
Dark Age
Ending age
Imperial Age
RankedLock teamsTeams togetherTeam positionsShared explorationLock speedFull tech treeHidden civsTurbo modeCheats
Victory
Defeat
🇦🇷 Malians · Argentina
1314
+15
🇫🇮 Ethiopians · Finland
1298
-15
KATOHHEI
5:50 Loom
6:30 Loom
9:04 Feudal Age
9:41 Double-Bit Axe
14:34 Fletching
17:07 Castle Age
18:39 Crossbowman
19:53 Bow Saw
20:45 Fletching
24:13 Ballistics
23:57 Gold Mining
25:41 Bodkin Arrow
30:42 Padded Archer Armor
31:29 Horse Collar
37:41 Imperial Age
37:02 Leather Archer Armor
37:09 Thumb Ring
37:53 Arbalester
joseguevara07-
10:03 Feudal Age
16:34 Castle Age
16:38 Double-Bit Axe
17:34 Loom
18:34 Horse Collar
33:13 Imperial Age
32:02 Forging
31:52 Scale Mail Armor
32:21 Heavy Plow
33:21 Town Watch
34:14 Wheelbarrow
38:13 Conscription
Connection lost

Rejoining the realm…

Still unreachable

The connection could not be restored.

Session expired

The server has moved on; the page needs a fresh start.